 Dungeon Crawl Stone Soup version 0.26.1-2-gb8aa6d0cf2 (webtiles) character file.

Game seed: 12926148689367008554

284 leviel the Stinger (level 6, -5/32 HPs)
             Began as a Gargoyle Venom Mage on Mar 21, 2021.
             Slain by a mummy (12 damage)
             ... in an ossuary.
             The game lasted 00:23:10 (3594 turns).

leviel the Stinger (Gargoyle Venom Mage)            Turns: 3594, Time: 00:23:10

Health: -5/32      AC:  7    Str: 12    XL:     6   Next: 29%
Magic:  9/10       EV: 16    Int: 17    God:
Gold:   184        SH:  0    Dex: 10    Spells: 10/11 levels left

rFire    . . .     SeeInvis .   c - +1 dagger
rCold    . . .     Faith    .   (no shield)
rNeg     + . .     Spirit   .   a - +1 robe
rPois    ∞         Reflect  .   (no helmet)
rElec    +         Harm     .   (no cloak)
rCorr    .         Rampage  .   (no gloves)
Will     .....                  (no boots)
Stlth    ++........             i - amulet of regeneration
HPRegen  0.50/turn              h - +4 ring of evasion
MPRegen  0.12/turn              (no ring)

@: brilliant
A: negative energy resistance 1, electricity resistance, unbreathing,
petrification resistance, miasma immunity, AC +4
a: no special abilities


You were in an ossuary.
You visited 1 branch of the dungeon, and saw 4 of its levels.
You also visited: Ossuary.

You collected 184 gold pieces.

Inventory:

Hand Weapons
 c - a +1 dagger (weapon)
Armour
 a - a +1 robe (worn)
Jewellery
 h - a +4 ring of evasion (left hand)
 i - an amulet of regeneration (around neck)
 j - a +4 ring of evasion
Scrolls
 b - 3 scrolls of enchant armour
 d - a scroll of random uselessness
 f - a scroll of immolation {unknown}
 g - a scroll of teleportation
 l - a scroll of remove curse
 m - 6 scrolls of identify
 p - a scroll of enchant weapon
Potions
 e - a potion of mutation
 o - a potion of lignification


   Skills:
 + Level 0.2 Fighting
 + Level 0.3 Short Blades
 * Level 1.9 Throwing
 + Level 2.2 Dodging
 * Level 3.4 Stealth
 * Level 3.2 Spellcasting
 + Level 1.6 Transmutations
 + Level 4.2 Poison Magic


You had 10 spell levels left.
You knew the following spells:

 Your Spells              Type           Power        Failure   Level
a - Sting                 Tmut/Pois      76%          5%          1

Your spell library contained the following spells:

 Spells                   Type           Power        Failure   Level
 Poisonous Vapours        Pois/Air       28%          11%         2
 Ignite Poison            Fire/Tmut/Pois 14%          22%         3
 Mephitic Cloud           Conj/Pois/Air  11%          28%         3
 Olgreb's Toxic Radiance  Pois           25%          30%         4


Dungeon Overview and Level Annotations

Branches:
Dungeon (4/15)            Ossuary (1/1)
 Temple: D:4-7

Altars:
Zin
The Shining One


Innate Abilities, Weirdness & Mutations

You are resistant to torment.
Your stone body is resilient. (AC +4)
You are immune to poison.
You resist negative energy. (rN+)
You are resistant to electric shocks. (rElec)
You can survive without breathing.
You are immune to petrification.
You are immune to miasma.


Message History

You are too injured to fight recklessly!
You are too injured to fight recklessly!
You are too injured to fight recklessly!
Unknown command.
It was a potion of brilliance.
You feel clever all of a sudden. The big kobold zombie misses you.
The mummy barely misses you.
Casting: Sting (safe; 5% risk of failure)
Confirm with . or Enter, or press ? or * to list all spells.
Aiming: Sting (safe; 5% risk of failure)
Press: ? - help, Shift-Dir - straight line, f - mummy
Aim: a mummy (12% to evade)
You feel a surge of power!
The sting hits the mummy but does no damage.
The mummy hits you.
* * * LOW HITPOINT WARNING * * *
The mummy closely misses you. The mummy completely misses you.
The big kobold zombie barely misses you.
The mummy hits you!
You die...

...##....##....
...............
..............
............
#........#
#...Z..# #.MMZ#
#(M.M# #.@..#
#....# #....#
#....# #....#
#....# #.∩∩.#
######


You could see 4 mummies, a big kobold zombie and an orc zombie.

Vanquished Creatures
  A bullfrog skeleton (D:4)
  Terence (D:3)
  Natasha (thrice) (D:2)
  2 adders
  4 oozes
  2 worm zombies (D:4)
  2 worms
  6 dart slugs
  3 leopard geckos
  9 orcs (D:3)
  7 goblins
  8 hobgoblins
  6 jackals
  8 kobolds
  2 quokkas (D:2)
  A ball python (D:1)
  10 bats
  2 frilled lizards
  A gnoll zombie (Ossuary)
  2 hobgoblin zombies
  3 kobold zombies (Ossuary)
  An orc zombie (Ossuary)
  6 rats
90 creatures vanquished.

Notes
Turn   | Place    | Note
-------+----------+-------------------------------------------
     0 | D:1      | leviel the Gargoyle Venom Mage began the quest for the Orb.
     0 | D:1      | Reached XP level 1. HP: 10/10 MP: 3/3
    83 | D:1      | Reached XP level 2. HP: 15/15 MP: 3/5
   359 | D:1      | Reached XP level 3. HP: 19/19 MP: 4/6
  1004 | D:1      | Reached skill level 1 in Transmutations
  1594 | D:2      | Reached XP level 4. HP: 24/24 MP: 6/8
  1800 | D:2      | Found a glowing golden altar of the Shining One.
  1800 | D:2      | Found a glowing silver altar of Zin.
  1805 | D:2      | Noticed Natasha
  1817 | D:2      | Killed Natasha
  1838 | D:2      | Noticed Natasha
  1851 | D:2      | Killed Natasha
  1852 | D:2      | Reached skill level 1 in Throwing
  1852 | D:2      | Reached XP level 5. HP: 15/28 MP: 7/9
  1924 | D:2      | Noticed Natasha
  1938 | D:2      | Killed Natasha
  1939 | D:2      | Reached skill level 4 in Poison Magic
  2361 | D:2      | Found a faded altar of an unknown god.
  3326 | D:3      | Noticed Terence
  3350 | D:3      | Killed Terence
  3351 | D:3      | Reached XP level 6. HP: 29/32 MP: 8/10
  3502 | D:4      | Found a sand-covered staircase.
  3538 | Ossuary  | Entered an ossuary
  3594 | Ossuary  | Slain by a mummy

Illustrated notes

Levels and vault maps discovered:
D:1:      dpeg_arrival_simpleton_b, layout_basic
D:2:      layout_loops_ring, chequers_temple_overflow_statue_of_worship,
          chequers_ecumenical_altar_simple, minmay_tromino_v4_a, uniq_natasha
D:3:      layout_rooms, kennysheep_cluttered_room, st_stairs_12, uniq_terence
D:4:      layout_loops_ring, okawaru_gym_becter, enter_ossuary_3
Ossuary:  ossuary_tomb_3

Skill      XL: |  1  2  3  4  5 |
---------------+----------------+-----
Transmutations | 1 |  1.6
Throwing       | 1 |  1.9
Dodging        | 2 |  2.2
Poison Magic   | 4 |  4.2
Spellcasting   | 3 |  3.2
Stealth        | 3 |  3.4
Fighting       | |  0.2
Short Blades   | |  0.3

Action                   |  1- 3 |  4- 6 || total
-------------------------+-------+-------++-------
Melee: Unarmed           |     1 |       ||     1
       Dagger            |    22 |   192 ||   214
Throw: Dart              |    15 |    81 ||    96
 Cast: Sting             |    57 |    44 ||   101
  Use: Scroll            |       |     6 ||     6
       Potion            |       |     5 ||     5
Armor: Robe              |    14 |    67 ||    81
Dodge: Dodged            |    35 |   197 ||   232
